 Dungeon Crawl Stone Soup version 0.25.1-2-g60ff931df9 (webtiles) character file.

Game seed: 11884324533863676356

148 axlevencent the Shield-Bearer (level 5, -5/33 HPs)
             Began as a Gargoyle Fighter on Sept 26, 2020.
             Slain by an ogre
             ... wielding a +0 giant club
              (14 damage)
             ... on level 4 of the Dungeon.
             The game lasted 00:04:27 (3192 turns).

axlevencent the Shield-Bearer (Gargoyle Fighter)    Turns: 3192, Time: 00:04:28

Health: -5/33      AC: 14    Str: 20    XL:     5   Next: 30%
Magic:  5/5        EV:  5    Int:  9    God:
Gold:   200        SH:  9    Dex:  9    Spells: 4/4 levels left

rFire    . . .     SeeInvis .   a - +0 flail
rCold    . . .     Gourm    .   c - +0 kite shield
rNeg     + . .     Faith    .   r - +1 chain mail (curse)
rPois    ∞         Spirit   .   (no helmet)
rElec    +         Reflect  .   (no cloak)
rCorr    .         Harm     .   (no gloves)
MR       .....                  (no boots)
Stlth    ..........             (no amulet)
HPRegen  0.11/turn              (no ring)
MPRegen  0.09/turn              (no ring)

@: mighty
A: negative energy resistance 1, electricity resistance, unbreathing,
petrification resistance, rot immunity, AC +4
a: no special abilities


You were on level 4 of the Dungeon.
You were hungry.

You visited 1 branch of the dungeon, and saw 4 of its levels.

You collected 200 gold pieces.

Inventory:

Hand Weapons
 a - a +0 flail (weapon)
Armour
 b - a +0 scale mail
 c - a +0 kite shield (worn)
 r - a cursed +1 chain mail (worn)
Scrolls
 i - 2 scrolls of fog
 l - 4 scrolls of remove curse
 q - a scroll of identify
 s - 2 scrolls of teleportation
Potions
 e - a potion of mutation {unknown}
 g - 2 potions of curing {unknown}
 h - a potion of haste {unknown}
 j - a potion of cancellation {unknown}
 k - 2 potions of heal wounds {unknown}
 m - 3 potions of lignification {unknown}
 n - a potion of brilliance {unknown}
 o - a potion of flight {unknown}
 p - a potion of resistance {unknown}
Comestibles
 f - 9 rations


   Skills:
 + Level 3.8 Fighting
 * Level 3.8 Maces & Flails
 + Level 3.8 Armour
 + Level 0.8 Dodging
 * Level 1.1 Stealth
 + Level 3.9 Shields


You had 4 spell levels left.
You didn't know any spells.
Your spell library was empty.

Dungeon Overview and Level Annotations

Branches:
Dungeon (4/15)
 Temple: D:4-7

Altars:


Innate Abilities, Weirdness & Mutations

You are resistant to torment.
Your stone body is resilient. (AC +4)
You are immune to poison.
You resist negative energy. (rN+)
You are resistant to electric shocks. (rElec)
You can survive without breathing.
You are immune to petrification.
You are immune to rotting.


Message History

You hit the worker ant.
You kill the worker ant!
Found a ration.
f - 9 rations (gained 1)
An ogre comes into view. It is wielding a +0 giant club.
The ogre shouts!
You hear a shout! x2
An orc comes into view. It is wielding a +0 club.
The orc shouts!
An orc comes into view. It is wielding a +0 mace.
You thump the ogre!
The ogre is moderately wounded.
An orc priest comes into view. It is wielding a +0 dagger.
The ogre hits you with a +0 giant club!
Your shield and chain mail prevent you from hitting the ogre.
The ogre is moderately wounded.
The ogre hits you with a +0 giant club!
* * * LOW HITPOINT WARNING * * *
You feel very mighty all of a sudden. The ogre hits you with a +0 giant club!
You die...

..# #.# ### # ##o#
..#. ###...#...
#...o#..# ###.......#
. #.....Oo.# . #@..#
............ ##...##
........#..# #.....#
....>......####.....#
..........###....#.##
...........###..##.#
...........#.......#
...................#
........#..........#


You could see an ogre, an orc priest and 2 orcs.

Vanquished Creatures
  2 worker ants (D:4)
  An adder (D:3)
  An ooze (D:3)
  3 worms
  3 dart slugs
  2 leopard geckos
  5 orcs (D:3)
  4 giant cockroaches (D:1)
  6 goblins
  8 hobgoblins
  4 jackals (D:1)
  4 kobolds
  2 quokkas (D:3)
  2 ball pythons (D:3)
  7 bats
  2 frilled lizards
  9 rats
65 creatures vanquished.

Notes
Turn   | Place    | Note
-------+----------+-------------------------------------------
     0 | D:1      | axlevencent the Gargoyle Fighter began the quest for the
                  | Orb.
     0 | D:1      | Reached XP level 1. HP: 14/14 MP: 1/1
   239 | D:1      | Reached XP level 2. HP: 19/19 MP: 2/2
   466 | D:1      | Reached XP level 3. HP: 16/23 MP: 3/3
  1907 | D:3      | Reached XP level 4. HP: 23/28 MP: 4/4
  2914 | D:4      | Reached skill level 1 in Stealth
  2914 | D:4      | Reached XP level 5. HP: 22/33 MP: 5/5
  3187 | D:4      | Noticed an ogre
  3192 | D:4      | Slain by an ogre

Illustrated notes

Levels and vault maps discovered:
D:1:      ebering_trefoil_3fold, layout_basic
D:2:      layout_basic
D:3:      layout_basic
D:4:      layout_cave_pools, trog_wizard

Skill      XL: |  1  2  3  4 |
---------------+-------------+-----
Maces & Flails | 3 |  3.8
Stealth        | 1 |  1.1
Fighting       | |  3.8
Armour         | |  3.8
Dodging        | |  0.8
Shields        | |  3.9

Action                   |  1- 3 |  4- 6 || total
-------------------------+-------+-------++-------
Melee: Flail             |   149 |   147 ||   296
  Use: Scroll            |     9 |       ||     9
       Potion            |       |     1 ||     1
  Eat: Chunk             |     3 |     4 ||     7
Armor: Scale mail        |    90 |       ||    90
       Chain mail        |       |    85 ||    85
Dodge: Dodged            |    37 |    36 ||    73
Block: Kite shield       |    85 |    84 ||   169
